 Dungeon Crawl Stone Soup version 0.25-a0-1133-g93ebf739aa (webtiles) character file.

Game seed: 10753042039864762994, levelgen mode: deterministic

771 MisterFreud the Ducker (level 7, 0/48 HPs)
             Began as an Octopode Gladiator on May 21, 2020.
             Was a Follower of Cheibriados.
             Slain by a gnoll
             ... wielding a +0 halberd
              (10 damage)
             ... on level 4 of the Dungeon.
             The game lasted 00:08:38 (4850 turns).

MisterFreud the Ducker (Octopode Gladiator)         Turns: 4850, Time: 00:08:38

Health: 0/48       AC:  1    Str: 15    XL:     7   Next: 83%
Magic:  16/16      EV: 17    Int: 14    God:    Cheibriados [*.....]
Gold:   225        SH:  0    Dex: 16    Spells: 6/6 levels left

rFire    . . .     SeeInvis .   a - +0 long sword
rCold    . . .     Gourm    .   (no shield)
rNeg     . . .     Faith    .   b - +0 hat
rPois    .         Spirit   .   (no amulet)
rElec    .         Reflect  .   t - ring of magical power
rCorr    +         Harm     .   x - ring of resist corrosion
MR       .....                  (no ring)
Stlth    ++........             (no ring)
HPRegen  0.16/turn              (no ring)
MPRegen  0.15/turn              (no ring)
                                (no ring)
                                (no ring)

@: very slow
A: almost no armour, stealthy swim, amphibious, 8 rings, constrict 8, camouflage
1, gelatinous body 1
a: Bend Time, Renounce Religion


You were on level 4 of the Dungeon.
You worshipped Cheibriados.
Cheibriados was aware of your devotion.
You were not hungry.

You visited 2 branches of the dungeon, and saw 5 of its levels.

You collected 225 gold pieces.

Inventory:

Hand Weapons
 a - a +0 long sword (weapon)
Missiles
 c - 3 throwing nets (quivered)
 m - 195 stones
 n - 36 sling bullets
Armour
 b - a +0 hat (worn)
Jewellery
 t - a ring of magical power (left tentacle)
 x - a ring of resist corrosion (right tentacle)
Scrolls
 e - 2 scrolls of magic mapping
 f - 2 scrolls of immolation
 g - a scroll of enchant weapon {unknown}
 h - a scroll of random uselessness {unknown}
 i - a scroll of blinking
 j - 6 scrolls of remove curse
 o - 2 scrolls of teleportation
 q - 5 scrolls of identify
 v - a scroll of amnesia {unknown}
Potions
 l - a potion of berserk rage {unknown}
 p - 2 potions of curing
 r - a potion of stabbing {unknown}
 s - a potion of haste {unknown}
 u - a potion of heal wounds {unknown}
 w - a potion of might {unknown}
 z - a potion of magic {unknown}
 A - a potion of flight {unknown}
Comestibles
 d - 9 rations


   Skills:
 - Level 4.0 Fighting
 - Level 6.0 Long Blades
 - Level 2.0 Throwing
 + Level 6.3 Dodging


You had 6 spell levels left.
You didn't know any spells.
Your spell library was empty.

Dungeon Overview and Level Annotations

Branches:
Dungeon (4/15)             Temple (1/1) D:4

Altars:
Ashenzari
Cheibriados
Dithmenos
Elyvilon
Hepliaklqana
Kikubaaqudgha
Nemelex Xobeh
Okawaru
Qazlal
Ru
Sif Muna
Trog
Wu Jian
Xom
Zin
The Shining One


Innate Abilities, Weirdness & Mutations

You cannot wear most types of armour.
You are very stealthy in the water. (Stealth+)
You are amphibious.
You can wear up to eight rings at the same time.
You can use your tentacles to constrict eight enemies at once.
Your skin changes colour to match your surroundings (Stealth+).
Your rubbery body absorbs attacks. (AC +1, EV +1)


Message History

The gnoll struggles to escape constriction.
The gnoll hits you from afar with a +0 spear.
The gnoll barely misses you.
You hit the gnoll but do no damage.
You squeeze the gnoll, but do no damage.
The gnoll is almost dead.
You constrict the gnoll. The gnoll misses you.
The gnoll struggles to escape constriction.
The gnoll hits you from afar with a +0 spear!
Unknown command.
You hit the gnoll but do no damage.
The gnoll is almost dead.
You constrict the gnoll.
You kill the gnoll!
Cheibriados thoroughly appreciates the change of pace.
The gnoll hits you from afar with a +0 halberd!
* * * LOW HITPOINT WARNING * * *
The gnoll barely misses you. The gnoll completely misses you.
The gnoll completely misses you. The gnoll hits you with a +0 halberd!
You die...

#####*### *#######*
#...,,..#
*......g######.#####.#
*,#....g@)........##.#
*,#.##..#)####.##.##.#
*,*.....#.# #.##.##.#
*,#..##.#.# #.......##
*...,,....# ####.....#
*..,,,..### #####.#
*#*,*###*********####.#
****,*****,,,,,,,*#....#
*,,,,,,,,,,,,,,,,*#.####


You could see 2 gnolls.

Vanquished Creatures
  An orc warrior (D:4)
  An eye of draining (D:4)
  2 ogres (D:4)
  A gnoll shaman (D:4)
  A hound (D:4)
  An orc wizard (D:4)
  An orc priest (D:4)
  An iguana (D:2)
  Jessica (D:2)
  2 worker ants (D:4)
  A killer bee zombie (D:3)
  A hound skeleton (D:4)
  3 adders
  4 gnolls (D:4)
  An adder skeleton (D:4)
  3 dart slugs
  4 leopard geckos
  7 orcs
  3 ball pythons
  8 bats
  5 giant cockroaches
  10 goblins
  15 hobgoblins
  3 jackals (D:2)
  6 kobolds
  A quokka (D:4)
  4 frilled lizards
  A leopard gecko skeleton (D:4)
  8 rats
100 creatures vanquished.

Notes
Turn   | Place    | Note
-------+----------+-------------------------------------------
     0 | D:1      | MisterFreud the Octopode Gladiator began the quest for the
                  | Orb.
     0 | D:1      | Reached XP level 1. HP: 14/14 MP: 1/1
   144 | D:1      | Reached XP level 2. HP: 20/20 MP: 2/2
   327 | D:1      | Reached XP level 3. HP: 26/26 MP: 3/3
   995 | D:2      | Noticed Jessica
  1002 | D:2      | Killed Jessica
  1002 | D:2      | Reached XP level 4. HP: 21/33 MP: 4/4
  1432 | D:2      | Reached XP level 5. HP: 37/37 MP: 5/5
  1917 | D:3      | Found a glowing golden altar of the Shining One.
  3085 | D:4      | Reached skill level 5 in Long Blades
  3243 | D:4      | Found a staircase to the Ecumenical Temple.
  3256 | Temple   | Entered the Ecumenical Temple
  3449 | Temple   | Became a worshipper of Cheibriados the Contemplative
  3507 | D:4      | Reached XP level 6. HP: 43/43 MP: 6/6
  3514 | D:4      | Noticed an orc warrior
  3525 | D:4      | Killed an orc warrior
  3844 | D:4      | Reached XP level 7. HP: 21/48 MP: 7/7
  4263 | D:4      | Reached * piety under Cheibriados
  4263 | D:4      | Reached skill level 5 in Dodging
  4561 | D:4      | Found a bloodstained altar of Trog.
  4850 | D:4      | Slain by a gnoll

Illustrated notes

Levels and vault maps discovered:
D:1:      minmay_arrival_five_plusses, layout_basic, serial_corexii_hall,
          corexii_hall_statues_deadend, chequers_hall_statues_wall_a
D:2:      layout_rooms, uniq_jessica
D:3:      layout_basic, nicolae_overflow_hidden_temple, first_ration
D:4:      layout_loops_cross, minmay_temple_entry_arrows, trog_eyes_of_draining
Temple:   kilobyte_greek_temple

Skill      XL: |  1  2  3  4  5  6  7 |
---------------+----------------------+-----
Fighting       | 3 4 |  4.0
Long Blades    | 4 5 6 |  6.0
Dodging        | 4 6 |  6.3
Throwing       | |  2.0

Action                   |  1- 3 |  4- 6 |  7- 9 || total
-------------------------+-------+-------+-------++-------
Melee: Long sword        |    57 |    85 |    38 ||   180
       Constrict         |    16 |    22 |    12 ||    50
       Tentacles         |    11 |    17 |    16 ||    44
  Use: Potion            |       |     2 |       ||     2
       Scroll            |       |       |     5 ||     5
 Stab: Sleeping          |     6 |     6 |     2 ||    14
       Invisible         |       |     1 |       ||     1
  Eat: Chunk             |       |     9 |     2 ||    11
Armor: Skin              |     7 |     4 |     1 ||    12
Dodge: Dodged            |    31 |    58 |    37 ||   126
       Rpst.: Long sword |     7 |    21 |    11 ||    39

Table legend:
 A = Non-vault XP
 B = Vault XP
 C = Vault XP percentage of total XP
 D = Non-vault monster count
 E = Vault monster count
 F = Vault count percentage of total count
                 A         B        C        D         E       F
            +---------+---------+-------+---------+---------+-------
      Total |     912 |     190 |  17.2 |      96 |       4 |   4.0
            +---------+---------+-------+---------+---------+-------
        D:1 |      60 |       0 |   0.0 |      32 |       0 |   0.0
        D:2 |      93 |      37 |  28.5 |      18 |       1 |   5.3
        D:3 |      65 |       0 |   0.0 |      20 |       0 |   0.0
        D:4 |     694 |     153 |  18.1 |      26 |       3 |  10.3
            +---------+---------+-------+---------+---------+-------
